 Dungeon Crawl Stone Soup version 0.30.1-9-gdf580d7c3d (webtiles) character file.

Game seed: 8112436362102917281

441 adizb the Sneak (level 7, 0/46 HPs)
             Began as an Octopode Brigand on Oct 15, 2023.
             Slain by an ice beast (4 damage)
             ... on level 5 of the Dungeon.
             The game lasted 00:18:48 (2496 turns).

adizb the Sneak (Octopode Brigand)                  Turns: 2496, Time: 00:18:49

Health: 0/46       AC:  1    Str: 10    XL:     7   Next: 2%
Magic:  7/7        EV: 14    Int: 13    God:
Gold:   116        SH:  0    Dex: 16    Spells: 6/6 levels left

rFire   + . .        l - +0 rapier (vamp)
rCold   . . .        (no shield)
rNeg    . . .        (helmet restricted)
rPois   .            r - amulet of regeneration
rElec   .            e - ring of protection from fire
rCorr   .            (no ring)
SInv    .            (no ring)
Will    .....        (no ring)
Stlth   ++++         (no ring)
HPRegen 1.07/turn    (no ring)
MPRegen 0.10/turn    (no ring)
                     (no ring)

%: no passive effects
@: no status effects
A: almost no armour, amphibious, 8 rings, camouflage 1, gelatinous body 1,
(nimble swimmer 1), tentacles
a: no special abilities


You were on level 5 of the Dungeon.
You visited 1 branch of the dungeon, and saw 5 of its levels.

You collected 116 gold pieces.

Inventory:

Hand Weapons
 a - a +1 short sword of holy wrath
 l - a +0 vampiric rapier (weapon)
Missiles
 b - 9 poisoned darts
 c - 3 curare-tipped darts
 j - a boomerang of dispersal
 s - 3 boomerangs (quivered)
Jewellery
 e - a ring of protection from fire (left tentacle)
 r - an amulet of regeneration (around mantle)
Wands
 d - a wand of mindburst (16)
Scrolls
 f - 2 scrolls of magic mapping {unknown}
 h - a scroll of noise
 k - 4 scrolls of teleportation
 m - a scroll of enchant armour
 o - 2 scrolls of fog
Potions
 g - a potion of brilliance
 i - 2 potions of heal wounds
 n - 2 potions of curing {unknown}
 p - a potion of berserk rage {unknown}
 q - a potion of ambrosia {unknown}
 t - a potion of degeneration {unknown}
 u - a potion of cancellation {unknown}


   Skills:
 + Level 3.3 Fighting
 * Level 4.4 Short Blades
 - Level 3.0 Throwing
 * Level 3.2 Dodging
 + Level 6.7 Stealth


You had 6 spell levels left.
You didn't know any spells.
Your spell library was empty.

Dungeon Overview and Level Annotations

Branches:
Dungeon (5/15)
 Temple: D:4-7

Altars:
Qazlal

Shops:
D:5 :[

Annotations:
D:4 2 transporters


Innate Abilities, Weirdness & Mutations

You cannot wear most types of armour.
You are amphibious.
You can wear up to eight rings at the same time.
Your skin changes colour to match your surroundings (Stealth+).
Your rubbery body absorbs attacks. (AC +1, EV +1)
((You are camouflaged when in or above water. (Stealth+)))
You have tentacles for arms and can constrict up to eight enemies at once.


Message History

The iguana closely misses you.
You hit the iguana. Your grab misses the iguana.
The iguana is lightly wounded.
The iguana misses you.
You hit the iguana but do no damage. Your grab misses the iguana.
The iguana is lightly wounded.
The iguana bites you.
You hit the scorpion but do no damage. You grab the scorpion.
You squeeze the scorpion.
The scorpion is moderately wounded.
You constrict the scorpion, but do no damage.
The scorpion misses you. The iguana barely misses you.
You puncture the iguana! You grab the iguana.
The iguana is heavily wounded.
You constrict the iguana, but do no damage.
You constrict the scorpion, but do no damage.
The scorpion stings you. The ice beast closely misses you.
The iguana barely misses you.
You barely miss the ice beast. You constrict the iguana.
You constrict the scorpion, but do no damage.
The scorpion stings you.
You completely miss the ice beast. You constrict the iguana.
You constrict the scorpion, but do no damage.
The scorpion stings you. The ice beast barely misses you.
The iguana barely misses you. The scorpion stings you!
You hit the ice beast but do no damage. You constrict the iguana.
You constrict the scorpion, but do no damage.
The ice beast hits you. The ice beast freezes you!
The iguana completely misses you. The scorpion misses you.
You barely miss the ice beast. You constrict the iguana.
You constrict the scorpion, but do no damage.
The ice beast closely misses you. The iguana bites you!
* * * LOW HITPOINT WARNING * * *
The scorpion stings you.
* * * LOW HITPOINT WARNING * * *
You hit the ice beast but do no damage. Your squeeze misses the ice beast.
You constrict the iguana.
You kill the iguana!
You constrict the scorpion. The ice beast hits you.
You die...

#. #..........$.... ###..
#....[...........
.....##.................
).......................
........# #.............
........###......#.....
...........#.#...........# ..
........s†...........#####
..##.##.....@....#........... ..
......#<....Y....#........... ...
.......##...................#
..##.............................
.................##..............
...........<.....##..............
#..(...#.........##......##......
#.....###........#.......#.......
#........^.................)8....


You could see an ice beast and a scorpion.

Vanquished Creatures
  Sigmund (D:5)
  2 scorpions (D:4)
  A hound (D:4)
  2 iguanas (D:5)
  3 adders
  4 worms
  3 dart slugs
  5 orcs
  5 endoplasms
  4 giant cockroaches
  5 goblins
  4 hobgoblins
  8 kobolds
  3 quokkas
  6 ball pythons
  4 bats
  A frilled lizard (D:2)
  4 rats (D:1)
65 creatures vanquished.

Notes
Turn   | Place    | Note
-------+----------+-------------------------------------------
     0 | D:1      | adizb the Octopode Brigand began the quest for the Orb.
     0 | D:1      | Reached XP level 1. HP: 14/14 MP: 1/1
   132 | D:1      | Reached XP level 2. HP: 14/19 MP: 2/2
   678 | D:2      | Reached XP level 3. HP: 19/24 MP: 3/3
   760 | D:2      | Found a faded altar of an unknown god.
  1286 | D:3      | Reached XP level 4. HP: 30/30 MP: 4/4
  1707 | D:4      | Reached skill level 6 in Stealth
  1707 | D:4      | Reached XP level 5. HP: 19/35 MP: 5/5
  1917 | D:4      | Found a transporter.
  1966 | D:4      | Noticed a fire bat
  2092 | D:4      | Found a transporter.
  2222 | D:4      | Reached XP level 6. HP: 42/42 MP: 6/6
  2290 | D:4      | Found a stormy altar of Qazlal.
  2338 | D:5      | Entered Level 5 of the Dungeon
  2357 | D:5      | Found Enuawn's Book Shoppe.
  2404 | D:5      | Found Odwet's Armour Shop.
  2419 | D:5      | Noticed Sigmund
  2423 | D:5      | Noticed an ice beast
  2437 | D:5      | Killed Sigmund
  2438 | D:5      | Reached XP level 7. HP: 29/46 MP: 7/7
  2496 | D:5      | Slain by an ice beast

Illustrated notes

Levels and vault maps discovered:
D:1:      wheals_arrival_linesprint, layout_rooms,
          corexii_item_surrounded_by_moat
D:2:      layout_loops_ring, ebering_ecumenical_altar_abandoned, minivault_19
D:3:      layout_rooms, chequers_serial_rivers_room_a
D:4:      gammafunk_cloud_chamber, layout_basic, grunt_qazlal_sundering,
          nicolae_eternal_life, kennysheep_generic_room_15
D:5:      layout_cave_pools, trog_butcher_becter, serial_shops, shop,
          shop_statue, shop, shop, lightli_church_of_beogh,
          uniq_crazy_yiuf_cottage, uniq_sigmund

Skill      XL: |  1  2  3  4  5  6 |
---------------+-------------------+-----
Short Blades   | 3 4 |  4.4
Dodging        | 2 3 |  3.2
Stealth        | 6 |  6.7
Fighting       | 3 |  3.3
Throwing       | 3 |  3.0

Action                     |  1- 3 |  4- 6 |  7- 9 || total
---------------------------+-------+-------+-------++-------
  Melee: Dagger            |    48 |       |       ||    48
         Constrict         |    17 |    14 |     2 ||    33
         Tentacles         |    17 |    18 |     1 ||    36
         Punch             |     1 |       |       ||     1
         Rapier            |    14 |    56 |    10 ||    80
  Throw: Dart              |     9 |     8 |       ||    17
         Boomerang         |       |     4 |       ||     4
    Use: Scroll            |       |     7 |       ||     7
   Stab: Sleeping          |    10 |     9 |       ||    19
 Armour: Skin              |     5 |     2 |       ||     7
  Dodge: Dodged            |    25 |    29 |    12 ||    66
